 Dungeon Crawl Stone Soup version 0.25.1-11-g244df3a29b (webtiles) character file.

Game seed: 7272101982001354156

977 DeepDeath the Cleaver (level 8, -2/57 HPs)
             Began as a Hill Orc Air Elementalist on Jan 12, 2024.
             Slain by an iron imp (8 damage)
             ... summoned by Eustachio
             ... on level 5 of the Dungeon.
             The game lasted 00:27:17 (5708 turns).

DeepDeath the Cleaver (Hill Orc Air Elementalist)   Turns: 5708, Time: 00:27:18

Health: -2/57      AC:  6    Str: 19    XL:     8   Next: 17%
Magic:  1/11       EV: 11    Int: 15    God:
Gold:   143        SH:  0    Dex: 11    Spells: 10/11 levels left

rFire    . . .     SeeInvis +   d - +0 hand axe
rCold    . . .     Gourm    .   (no shield)
rNeg     + . .     Faith    .   q - +2 leather armour {rN+}
rPois    .         Spirit   .   (no helmet)
rElec    .         Reflect  .   s - +0 cloak
rCorr    .         Harm     .   (no gloves)
MR       .....                  (no boots)
Stlth    ++........             (no amulet)
HPRegen  0.19/turn              e - +6 ring of strength
MPRegen  0.12/turn              g - ring of see invisible

@: brilliant
A: no striking features
a: no special abilities


You were on level 5 of the Dungeon.
You were hungry.

You visited 1 branch of the dungeon, and saw 5 of its levels.
You also visited: Sewer.

You collected 205 gold pieces.
You spent 62 gold pieces at shops.

Inventory:

Hand Weapons
 b - a +0 club
 d - a +0 hand axe (weapon)
 m - a +0 hand axe
 p - a +0 mace
 u - a +0 flail of protection
 x - a +0 flail
 C - a +0 battleaxe of flaming
Missiles
 a - 40 bolts
 f - 178 stones
 i - 63 sling bullets
 j - 58 arrows
 v - 16 poisoned darts (quivered)
 w - 6 silver javelins
Armour
 o - a +0 scale mail
 q - a +2 leather armour of positive energy (worn)
 s - a +0 cloak (worn)
Jewellery
 e - a +6 ring of strength (left hand)
 g - a ring of see invisible (right hand)
 l - an uncursed ring of ice
 r - a cursed ring of attention {unknown}
Wands
 y - a wand of flame (26)
Scrolls
 h - 4 scrolls of teleportation
 B - a scroll of enchant weapon {unknown}
Potions
 t - a potion of brilliance
Comestibles
 c - 2 rations
 z - a chunk of flesh


   Skills:
 * Level 9.9(10.0) Axes
 - Level 1.5(5.4) Maces & Flails
 - Level 1.0 Armour
 - Level 1.5 Dodging
 - Level 2.0 Stealth
 - Level 2.0 Spellcasting
 - Level 4.0 Conjurations
 - Level 2.4 Air Magic


You had 10 spell levels left.
You knew the following spells:

 Your Spells              Type           Power        Failure   Level  Hunger
z - Shock                 Conj/Air       ###.         7%          1    None

Your spell library contained the following spells:

 Spells                   Type           Power        Failure   Level  Hunger
 Static Discharge         Conj/Air       ###.....     22%         3    None
 Swiftness                Chrm/Air       #.......     24%         2    None
 Airstrike                Air            ##........   69%         4    None
 Lightning Bolt           Conj/Air       ###.......   89%         5    None


Dungeon Overview and Level Annotations

Branches:
Dungeon (5/15)              Sewer (visited)
 Temple: D:4-7

Altars:
Gozag
Vehumet
Zin

Shops:
D:5 *

Annotations:
D:1 exclusion: gnoll
D:3 exclusion: centaur
D:5 Eustachio


Message History

Eustachio screams, "This atrocity can only be purified with blood!"
Eustachio closely misses you.
You barely miss Eustachio.
Eustachio is severely wounded.
You hit the iron imp but do no damage. The iron imp barely misses you.
You closely miss Eustachio.
Eustachio is severely wounded.
You hit the iron imp but do no damage. Eustachio hits you but does no damage.
You are electrocuted!
* * * LOW HITPOINT WARNING * * *
The iron imp barely misses you.
You closely miss Eustachio.
Eustachio is severely wounded.
You closely miss the iron imp.
Eustachio twirls his moustache.
Eustachio barely misses you.
You hit Eustachio.
Eustachio is almost dead.
You hit the iron imp but do no damage. The iron imp hits you!
You die...

#.# ##...# #.# #... #...# #.#
... #...# #.####..# ##.##
#.##....# #..# #.#.@#..# ##..
##...#..# #############..
####......########>.[)..........
#.............5@@55###########..
#.#..############### #.. .....##
#.. .<.### ### ###


You could see Eustachio (resistant), 2 iron imps and a shadow imp (summoned).

Vanquished Creatures
  Edmund (D:5)
  A sky beast (D:5)
  2 ogres (D:4)
  A phantom (D:4)
  2 hounds (D:4)
  An orc priest (D:4)
  4 orc wizards
  An iguana (D:4)
  3 worker ants
  2 hound skeletons (D:4)
  7 adders
  A river rat (D:4)
  An ooze (D:2)
  An adder skeleton (D:4)
  3 worms
  2 leopard geckos
  14 orcs
  5 ball pythons
  4 giant cockroaches
  5 goblins
  12 hobgoblins
  17 jackals
  2 quokkas
  3 bats
  10 frilled lizards
  9 kobolds
  2 rats
  4 plants (Sewer)
120 creatures vanquished.

Notes
Turn   | Place    | Note
-------+----------+-------------------------------------------
     0 | D:1      | DeepDeath the Hill Orc Air Elementalist began the quest for
                  | the Orb.
     0 | D:1      | Reached XP level 1. HP: 14/14 MP: 3/3
   266 | D:1      | Reached XP level 2. HP: 20/20 MP: 0/4
   808 | D:1      | Reached XP level 3. HP: 25/26 MP: 1/5
   981 | D:1      | Reached skill level 1 in Maces & Flails
  1624 | D:2      | Found a faded altar of an unknown god.
  1786 | D:2      | Reached XP level 4. HP: 33/33 MP: 3/7
  1845 | D:2      | Reached skill level 1 in Axes
  2069 | D:2      | Reached skill level 2 in Axes
  2477 | D:3      | Noticed a centaur
  2750 | D:3      | Reached skill level 3 in Axes
  2750 | D:3      | Reached XP level 5. HP: 18/38 MP: 0/8
  3373 | D:4      | Noticed an ogre
  3413 | D:4      | Killed an ogre
  3413 | D:4      | Reached skill level 4 in Axes
  3413 | D:4      | Reached skill level 1 in Armour
  3413 | D:4      | Reached XP level 6. HP: 15/45 MP: 1/9
  3620 | D:4      | Reached skill level 5 in Axes
  3647 | D:4      | Found a radiant altar of Vehumet.
  3647 | D:4      | Found a glowing silver altar of Zin.
  3647 | D:4      | Found an opulent altar of Gozag.
  3783 | D:4      | Found a glowing drain.
  3787 | Sewer    | Entered a sewer
  3979 | Sewer    | Reached skill level 6 in Axes
  4122 | Sewer    | Reached XP level 7. HP: 49/50 MP: 1/10
  4880 | D:4      | Reached skill level 7 in Axes
  5426 | D:4      | Reached skill level 8 in Axes
  5490 | D:5      | Entered Level 5 of the Dungeon
  5490 | D:5      | Found Eser's Assorted Antiques.
  5497 | D:5      | Bought a puce potion for 29 gold pieces
  5497 | D:5      | Bought a scroll labeled YNETAEDARA for 33 gold pieces
  5586 | D:5      | Noticed Edmund
  5621 | D:5      | Killed Edmund
  5621 | D:5      | Reached skill level 9 in Axes
  5621 | D:5      | Reached XP level 8. HP: 46/57 MP: 11/11
  5643 | D:5      | Noticed Eustachio
  5651 | D:5      | HP: 1/57 [sky beast (5)]
  5708 | D:5      | Slain by an iron imp

Illustrated notes

Levels and vault maps discovered:
D:1:      eino_arrival_cavern_c, layout_loops_ring, chequers_serial_rivers_marsh
D:2:      layout_basic, chequers_ecumenical_altar_island
D:3:      layout_loops_ring, first_ration, corner_web_ring
D:4:      layout_basic, chequers_temple_overflow_statue_of_worship,
          gup_sewer_entry_bowl
D:5:      layout_rooms, serial_curves, eino_curves_02, eino_curves_01,
          enter_ossuary_4, serial_shops, shop, nicolae_shop_crystal,
          chequers_mini_garden, uniq_eustachio, uniq_duvessa, uniq_edmund

Skill      XL: |  1  2  3  4  5  6  7 |
---------------+----------------------+-----
Conjurations   | 2 3 4 |  4.0
Maces & Flails | 1 |  1.5
Stealth        | 2 |  2.0
Spellcasting   | 2 |  2.0
Axes           | 3 4 6 9 |  9.9
Armour         | 1 |  1.0
Dodging        | |  1.5
Air Magic      | |  2.4

Action                   |  1- 3 |  4- 6 |  7- 9 || total
-------------------------+-------+-------+-------++-------
Melee: Club              |    34 |       |       ||    34
       Hand axe          |       |   135 |   178 ||   313
Throw: Stone             |       |     5 |       ||     5
       Dart              |       |    12 |     9 ||    21
 Cast: Shock             |    67 |   107 |    52 ||   226
  Use: Scroll            |     2 |     7 |     2 ||    11
       Potion            |       |       |    12 ||    12
 Stab: Sleeping          |       |     1 |       ||     1
  Eat: Chunk             |     2 |     5 |     6 ||    13
       Ration            |     1 |     1 |       ||     2
Armor: Robe              |     7 |     4 |       ||    11
       Leather armour    |       |    25 |    22 ||    47
Dodge: Dodged            |    35 |    66 |    72 ||   173
